 Dungeon Crawl Stone Soup version 0.29.1-15-g9cfb28693d (webtiles) character file.

Game seed: 167793308350504982

388 Descartes the Covered (level 7, 0/51 HPs)
             Began as a Formicid Wanderer on Feb 28, 2023.
             Slain by an ogre
             ... wielding a +0 giant club
              (27 damage)
             ... on level 4 of the Dungeon.
             The game lasted 00:07:23 (3257 turns).

Descartes the Covered (Formicid Wanderer)           Turns: 3257, Time: 00:07:23

Health: 0/51       AC: 13    Str: 19    XL:     7   Next: 7%
Magic:  11/11      EV:  4    Int: 11    God:
Gold:   167        SH:  8    Dex: 13    Spells: 11/12 levels left

rFire   . . .      SeeInvis +   x - +0 scythe
rCold   + . .      Faith    .   j - +0 kite shield
rNeg    . . .      Spirit   .   w - +0 plate armour
rPois   .          Reflect  .   (helmet unavailable)
rElec   .          Harm     .   (no cloak)
rCorr   +          Rampage  .   n - +0 pair of gloves
Will    .....                   (no boots)
Stlth   ..........              q - amulet of regeneration
HPRegen 0.97/turn               g - ring of protection from cold
MPRegen 0.12/turn               p - ring of resist corrosion

@: no status effects
A: permanent stasis, dig shafts and tunnels, antennae 3, four strong arms
a: Dig, Shaft Self


You were on level 4 of the Dungeon.
You visited 1 branch of the dungeon, and saw 4 of its levels.

You collected 167 gold pieces.

Inventory:

Hand Weapons
 a - a +0 dagger
 f - a +0 hand axe
 x - a +0 scythe (weapon)
Missiles
 b - 2 atropa-tipped darts (quivered)
 c - 2 datura-tipped darts
Armour
 d - a +0 ring mail
 j - a +0 kite shield (worn)
 n - a +0 pair of gloves (worn)
 w - a +0 plate armour (worn)
Jewellery
 g - a ring of protection from cold (left hand)
 p - a ring of resist corrosion (right hand)
 q - an amulet of regeneration (around neck)
 t - a ring of ice
Scrolls
 e - a scroll of butterflies
 i - 2 scrolls of vulnerability {unknown}
 l - 8 scrolls of identify {unknown}
 m - a scroll of enchant armour {unknown}
 o - a scroll of noise {unknown}
 s - a scroll of immolation {unknown}
 v - a scroll of teleportation {unknown}
Potions
 h - 2 potions of degeneration {unknown}
 k - a potion of berserk rage {unknown}
 r - 3 potions of curing
 u - a potion of flight {unknown}


   Skills:
 + Level 2.8 Fighting
 + Level 0.0 Axes
 + Level 4.3 Armour
 - Level 2.4 Stealth
 + Level 3.2 Shields
 + Level 3.3 Spellcasting
 + Level 2.0 Conjurations
 + Level 2.4 Ice Magic
 + Level 2.6 Evocations


You had 11 spell levels left.
You knew the following spells:

 Your Spells              Type           Power      Damage    Failure   Level
a - Freeze                Ice            28%        1d5       100%        1

Your spell library contained the following spells:

 Spells                   Type           Power      Damage    Failure   Level
 Conjure Flame            Conj/Fire      4%         6-21      100%        3
 Frozen Ramparts          Ice            14%        1d3       100%        3
 Ignite Poison            Fire/Tmut/Pois 1%         N/A       100%        3
 Sticky Flame             Conj/Fire      4%         2d3       100%        4


Dungeon Overview and Level Annotations

Branches:
Dungeon (4/15)
 Temple: D:4-7

Altars:

Shops:
D:1 ==[=!   D:2 :


Innate Abilities, Weirdness & Mutations

You cannot be hasted, slowed, berserked, paralysed or teleported.
You can dig through walls and to a lower floor.
You have a pair of large antennae on your head. (SInv)
Your four strong arms can wield two-handed weapons with a shield.


Message History

No target in view!
No target in view!
No target in view!
An ogre comes into view. It is wielding a +0 giant club.
You reach to attack!
You slash the ogre!
The ogre is heavily wounded.
The ogre hits you with a +0 giant club!!
You puncture the ogre!
The ogre is almost dead.
The ogre completely misses you.
You hit the ogre but do no damage.
The ogre is almost dead.
The ogre hits you with a +0 giant club.
You are too injured to fight recklessly!
You are too injured to fight recklessly!
You are too injured to fight recklessly!
You are too injured to fight recklessly!
You are too injured to fight recklessly!
You are too injured to fight recklessly!
You are too injured to fight recklessly!
You are too injured to fight recklessly!
You are too injured to fight recklessly!
You are too injured to fight recklessly!
You are too injured to fight recklessly!
You are too injured to fight recklessly!
You are too injured to fight recklessly!
You are too injured to fight recklessly!
Unknown command.
You are too injured to fight recklessly!
You hit the ogre.
The ogre is almost dead.
The ogre hits you with a +0 giant club.
You barely miss the ogre.
The ogre is almost dead.
You block the ogre's attack.
You closely miss the ogre.
The ogre is almost dead.
The ogre hits you with a +0 giant club!!
Ouch! That really hurt!
You die...

........... ..........#
........... .......$..#
.......<...
...:......######+#####.#
...................)...#
........................
...................#####
..........######.....# #
......O@.............###
..........#######.......
###+####### #########
......... #########


You could see an ogre.

Vanquished Creatures
  Sigmund (D:2)
  A jelly (D:3)
  Natasha (thrice) (D:2)
  Robin (D:3)
  4 adders
  2 worms (D:3)
  2 dart slugs (D:1)
  7 orcs (D:3)
  7 endoplasms
  17 goblins
  3 hobgoblins
  6 kobolds
  3 quokkas
  4 ball pythons
  5 bats
  2 rats (D:2)
68 creatures vanquished.

Notes
Turn   | Place    | Note
-------+----------+-------------------------------------------
     0 | D:1      | Descartes the Formicid Wanderer began the quest for the
                  | Orb.
     0 | D:1      | Descartes set off with the following items: a +0 dagger, 2
                  | atropa-tipped darts, 2 datura-tipped darts, a +0 ring mail,
                  | a scroll of butterflies; and the following spell memorised:
                  | Freeze; and the following spells available to memorise:
                  | Frozen Ramparts.
     0 | D:1      | Reached XP level 1. HP: 15/15 MP: 3/3
    18 | D:1      | Found a faded altar of an unknown god.
   162 | D:1      | Found Tenadgh's Jewellery Emporium.
   174 | D:1      | Reached XP level 2. HP: 21/21 MP: 5/5
   284 | D:1      | Found Cashra's Jewellery Shop.
   306 | D:1      | Found Werghyux's Distillery.
   380 | D:1      | Found Tuyrpheenk's Antique Armour Boutique.
   651 | D:1      | Found Otiuh's Jewellery Boutique.
   785 | D:1      | Reached skill level 1 in Shields
   895 | D:1      | Reached XP level 3. HP: 26/26 MP: 6/6
   979 | D:2      | Noticed Natasha
  1001 | D:2      | Killed Natasha
  1115 | D:2      | Noticed Natasha
  1123 | D:2      | Killed Natasha
  1124 | D:2      | Reached skill level 1 in Conjurations
  1124 | D:2      | Reached XP level 4. HP: 12/33 MP: 7/7
  1281 | D:2      | Noticed Natasha
  1292 | D:2      | Killed Natasha
  1413 | D:2      | Reached XP level 5. HP: 15/38 MP: 9/9
  1637 | D:2      | Found Ditituex's Vocational Training.
  2082 | D:2      | Noticed Sigmund
  2101 | D:2      | Killed Sigmund
  2102 | D:2      | Reached skill level 4 in Armour
  2102 | D:2      | Reached XP level 6. HP: 21/46 MP: 10/10
  2911 | D:3      | Noticed Robin
  2916 | D:3      | Reached XP level 7. HP: 51/51 MP: 11/11
  2943 | D:3      | Killed Robin
  3257 | D:4      | Slain by an ogre

Illustrated notes

Levels and vault maps discovered:
D:1:      ncdulo_wetmaze, layout_basic, serial_shops,
          nicolae_shop_advertising_works [nicolae_subvault_shop_adworks], shop,
          nicolae_shop_behind_doors, nicolae_shop_competitors_out_of_business,
          shop, ebering_ecumenical_altar_mist, minmay_misc_feat_pillars
D:2:      layout_rooms, amcnicky_mini_rare_corridor_liquid, hex_medium,
          nicolae_shop_vocational, uniq_sigmund, uniq_natasha
D:3:      layout_loops_ring, uniq_robin
D:4:      layout_basic, kennysheep_okawaru_gauntlet

Skill      XL: |  1  2  3  4  5  6 |
---------------+-------------------+-----
Shields        | 1 2 3 |  3.2
Conjurations   | 1 2 |  2.0
Fighting       | 2 |  2.8
Armour         | 4 |  4.3
Spellcasting   | 3 |  3.3
Ice Magic      | 2 |  2.4
Evocations     | 2 |  2.6
Stealth        | |  2.4

Action                   |  1- 3 |  4- 6 |  7- 9 || total
-------------------------+-------+-------+-------++-------
Melee: Hand axe          |    81 |   184 |    38 ||   303
       Dagger            |     5 |       |       ||     5
       Halberd           |       |       |     8 ||     8
 Stab: Sleeping          |     1 |     4 |       ||     5
       Distracted        |       |     1 |       ||     1
Armor: Ring mail         |    45 |    69 |       ||   114
       Plate armour      |       |     5 |    28 ||    33
Dodge: Dodged            |    47 |    67 |     9 ||   123
Block: Kite shield       |    22 |    77 |    25 ||   124
